 Dungeon Crawl Stone Soup version 0.27.0-1-g7a089689b8 (webtiles) character file.

Game seed: 13882013564764088494

19 Malachi the Insei (level 2, -2/23 HPs)
             Began as a Gnoll Transmuter on Aug 16, 2021.
             Slain by a gnoll (7 damage)
             ... on level 1 of the Dungeon.
             The game lasted 00:01:46 (559 turns).

Malachi the Insei (Gnoll Transmuter)                 Turns: 559, Time: 00:01:47

Health: -2/23      AC:  2    Str:  9    XL:     2   Next: 75%
Magic:  6/7        EV: 13    Int: 12    God:
Gold:   25         SH:  0    Dex: 12    Spells: 9/10 levels left

rFire    . . .     SeeInvis .   i - +0 whip
rCold    . . .     Faith    .   (no shield)
rNeg     . . .     Spirit   .   a - +0 robe
rPois    .         Reflect  .   (helmet currently unavailable)
rElec    .         Harm     .   (no cloak)
rCorr    +         Rampage  .   (no gloves)
Will     .....                  (boots currently unavailable)
Stlth    +.........             (no amulet)
HPRegen  0.07/turn              b - ring of resist corrosion
MPRegen  0.10/turn              (no ring)

@: appendages
A: horns 2, talons 2, fangs 1, strong nose, distributed training
a: End Transformation


You were on level 1 of the Dungeon.
You had temporarily grown beastly horns and talons.
You visited 1 branch of the dungeon, and saw 1 of its levels.

You collected 25 gold pieces.

Inventory:

Hand Weapons
 i - a +0 whip (weapon)
Missiles
 e - 21 sling bullets
 h - 18 bolts
Armour
 a - a +0 robe (worn)
Jewellery
 b - a ring of resist corrosion (left hand)
Scrolls
 c - a scroll of acquirement {unknown}
 d - a scroll of noise {unknown}
 j - a scroll of enchant weapon {unknown}
Potions
 f - 2 potions of heal wounds {unknown}
 g - a potion of flight {unknown}


   Skills:
 + Level 2.5 Fighting
 + Level 0.5 Short Blades
 + Level 0.5 Long Blades
 + Level 0.5 Axes
 + Level 0.5 Maces & Flails
 + Level 0.5 Polearms
 + Level 0.5 Staves
 + Level 0.5 Slings
 + Level 0.5 Bows
 + Level 0.5 Crossbows
 + Level 0.5 Throwing
 + Level 0.5 Armour
 + Level 4.5 Dodging
 + Level 0.5 Stealth
 + Level 0.5 Shields
 + Level 6.5 Unarmed Combat
 + Level 4.9 Spellcasting
 + Level 0.3 Conjurations
 + Level 0.3 Hexes
 + Level 0.3 Summonings
 + Level 0.3 Necromancy
 + Level 0.3 Translocations
 + Level 3.7 Transmutations
 + Level 0.3 Fire Magic
 + Level 0.3 Ice Magic
 + Level 0.3 Air Magic
 + Level 0.3 Earth Magic
 + Level 0.3 Poison Magic
 + Level 0.6 Invocations
 + Level 0.5 Evocations


You had 9 spell levels left.
You knew the following spells:

 Your Spells              Type           Power      Damage    Failure   Level
a - Beastly Appendage     Tmut           22%        N/A       4%          1

Your spell library contained the following spells:

 Spells                   Type           Power      Damage    Failure   Level
 Wereblood                Tmut           11%        N/A       7%          2
 Spider Form              Tmut/Pois      3%         N/A       26%         3
 Ice Form                 Ice/Tmut       7%         N/A       65%         4


Dungeon Overview and Level Annotations

Branches:
Dungeon (1/15)

Altars:


Innate Abilities, Weirdness & Mutations

You have temporarily grown beastly horns and talons.
You have very sharp teeth.
Your uncanny sense of smell can sniff out nearby items.
Your experience applies equally to all skills.


Message History

You open the door.
Your horns disappear.
Your talons disappear.
There is an open door here.
j - a scroll labelled WADDUS ISIFUE A gnoll comes into view.
It is wielding a +0 club.
The gnoll shouts!
The gnoll closely misses you.
A rat comes into view.
Casting: Beastly Appendage (safe; 4% risk of failure)
Confirm with . or Enter, or press ? or * to list all spells.
You miscast Beastly Appendage.
You are very lightly contaminated with residual magic.
Nothing appears to happen.
The gnoll closely misses you.
You barely miss the gnoll. You bite the gnoll, but do no damage.
The gnoll hits you with a +0 club.
You completely miss the gnoll. The rat bites you.
The gnoll hits you with a +0 club. The rat bites you but does no damage.
Casting: Beastly Appendage (safe; 4% risk of failure)
Confirm with . or Enter, or press ? or * to list all spells.
You grow a pair of large bovine horns.
Your feet morph into talons.
The rat closely misses you.
You closely miss the rat. Your headbutt misses the rat.
The rat closely misses you.
Your magical contamination has completely faded away.
You hit the rat but do no damage. You claw the rat.
You headbutt the rat, but do no damage.
The rat is heavily wounded.
The rat bites you.
You hit the rat.
You kill the rat!
You barely miss the gnoll. The gnoll closely misses you.
You hit the gnoll but do no damage. Your kick misses the gnoll.
You bite the gnoll, but do no damage. The gnoll misses you.
You barely miss the gnoll. The gnoll hits you with a +0 club!
* * * LOW HITPOINT WARNING * * *
You hit the gnoll. Your headbutt misses the gnoll.
The gnoll is moderately wounded.
The gnoll hits you with a +0 club!
You die...

#.# ### #.#
#####
#.#####
#.....
#.....###
#.####
###.#.#..
#.# #.##
#.# ..#
####.###..#
#....@g.# ∆
#.###.#.# #
...#.#
#####..
####


You could see a gnoll.

Vanquished Creatures
  2 dart slugs (D:1)
  An endoplasm (D:1)
  4 jackals (D:1)
  A kobold (D:1)
  A ball python (D:1)
  2 bats (D:1)
  2 frilled lizards (D:1)
  2 rats (D:1)
15 creatures vanquished.

Notes
Turn   | Place    | Note
-------+----------+-------------------------------------------
     0 | D:1      | Malachi the Gnoll Transmuter began the quest for the Orb.
     0 | D:1      | Reached XP level 1. HP: 17/17 MP: 6/6
   127 | D:1      | Reached XP level 2. HP: 22/23 MP: 4/7
   559 | D:1      | Slain by a gnoll

Illustrated notes

Levels and vault maps discovered:
D:1:      minmay_arrival_open_corners, layout_basic,
          shapermc_ecumenical_altar_mp_highgroup, minivault_11

Action                   || total
-------------------------++-------
Melee: Unarmed           ||    25
       Kick              ||     6
       Headbutt          ||     4
       Whip              ||     9
       Bite              ||     2
 Cast: Beastly Appendage ||    10
  Use: Scroll            ||     1
Armor: Robe              ||     5
Dodge: Dodged            ||    36
